 Dungeon Crawl Stone Soup version 0.20-a0-201-g851c6fa (webtiles) character file.

532 KristoblXynda the Cutter (level 7, 0/40 HPs)
             Began as a Kobold Gladiator on Nov 24, 2016.
             Killed by nerve-wracking pain
             ... invoked by an orc priest
              (1 damage)
             ... on level 4 of the Dungeon.
             The game lasted 00:12:41 (5632 turns).

KristoblXynda the Cutter (Kobold Gladiator)         Turns: 5632, Time: 00:12:42

Health: 0/40       AC:  9    Str: 13 (14) XL:     7   Next: 49%
Magic:  25/25      EV: 19    Int:  8 (9)  God:
Gold:   141        SH:  4    Dex: 16      Spells: 6/6 levels left

rFire  . . .     SeeInvis .     a - +0 rapier
rCold  . . .     Gourm    .     w - +2 animal skin
rNeg   . . .     Faith    .     (shield restricted)
rPois  .         Spirit   .     x - +2 helmet
rElec  .         Reflect  .     (no cloak)
rCorr  .         Harm     .     m - +1 pair of gloves
MR     .....                    (no boots)
Stlth  +++.......               (no amulet)
                                l - ring of magical power
                                n - ring of magical power

@: invisible
A: large bone plates 1, carnivore 3
a: no special abilities


You were on level 4 of the Dungeon.
You were very full.

You visited 1 branch of the dungeon, and saw 4 of its levels.

You collected 141 gold pieces.

Inventory:

Hand Weapons
 a - a +0 rapier (weapon)
Missiles
 d - 2 throwing nets (quivered)
Armour
 m - a +1 pair of gloves (worn)
 w - a +2 animal skin (worn)
 x - a +2 helmet (worn)
Jewellery
 l - a ring of magical power (right hand)
 n - a ring of magical power (left hand)
Scrolls
 g - 2 scrolls of amnesia
 h - a scroll of blinking
 i - 2 scrolls of magic mapping
 o - a scroll of enchant armour
 r - a scroll of recharging
Potions
 e - a potion of cancellation
 p - a potion of cure mutation
 q - a potion of brilliance {unknown}
 s - 2 potions of invisibility
 t - a potion of haste {unknown}
Comestibles
 f - 3 meat rations
 k - a slice of pizza
 u - 4 chunks of flesh


   Skills:
 - Level 2.1 Fighting
 + Level 6.8 Short Blades
 - Level 2.1 Throwing
 + Level 6.0 Dodging
 + Level 6.3 Stealth


You had 6 spell levels left.
You didn't know any spells.

Dungeon Overview and Level Annotations

Branches:
Dungeon (4/15)
 Temple: D:4-7

Altars:
Makhleb
Qazlal


Innate Abilities, Weirdness & Mutations

You are small and have problems with some larger weapons.
You are carnivorous and can eat meat at any time.
You are partially covered in large bone plates. (SH +4)


Message History

* * * LOW HITPOINT WARNING * * *
Throwing (i - inventory):
d - 3 throwing nets (quivered)
Press: ? - help, Shift-Dir - straight line, f - orc priest
Aim: an orc priest, wielding a whip and wearing a chain mail (moderately wounded)
You throw a throwing net.
The throwing net closely misses the orc priest.
The throwing net hits the orc wizard.
The orc wizard is caught in the net!
The orc wizard struggles against the net.
The orc priest mumbles some strange prayers to Beogh against you.
Pain shoots through your body!
* * * LOW HITPOINT WARNING * * *
It was a potion of cancellation.
You feel magically purged.
The orc wizard struggles against the net. x2
The net rips apart, and the orc wizard comes free!
The orc priest hits you but does no damage.
It was a potion of invisibility.
You fade into invisibility!
The orc priest calls down the wrath of Beogh upon you.
Pain shoots through your body!
You die...

###.###.............#
#.# #(............#
###.# #.............#
..#.# #.............#
....# #.............#
..#..##.............#
..#.. #.............#
..#.. #....#####'####
รท.# #....# #@# ..#
#.... #o# #.# $.


hoo ..# ..O.. ###.# ......# ....# ........# ...## ........# .# .........#
....!...# You could see an ogre, a hound, an orc priest, an orc wizard and an
orc.

Vanquished Creatures
  Sigmund (D:3)
  A hound (D:4)
  An orc wizard (D:4)
  2 worker ants (D:4)
  A hound skeleton (D:4)
  Robin (D:4)
  4 gnolls (D:4)
  5 adders
  5 oozes
  An adder skeleton (D:4)
  3 worms (D:2)
  A dart slug (D:3)
  A leopard gecko (D:1)
  13 orcs
  A ball python (D:1)
  7 giant cockroaches
  17 goblins
  6 hobgoblins
  14 jackals
  4 quokkas
  10 bats
  4 frilled lizards
  5 kobolds
  A leopard gecko skeleton (D:4)
  6 rats
115 creatures vanquished.

Notes
Turn   | Place    | Note
-------+----------+-------------------------------------------
     0 | D:1      | KristoblXynda the Kobold Gladiator began the quest for the Orb.
     0 | D:1      | Reached XP level 1. HP: 12/12 MP: 1/1
     1 | D:1      | Found a runed door.
   213 | D:1      | Reached skill level 1 in Stealth
   221 | D:1      | Reached XP level 2. HP: 16/17 MP: 2/2
   783 | D:1      | Reached XP level 3. HP: 19/21 MP: 3/3
   923 | D:1      | Reached XP level 4. HP: 20/26 MP: 4/4
  1023 | D:2      | Reached skill level 5 in Short Blades
  1573 | D:2      | Found a stormy altar of Qazlal.
  2094 | D:2      | Reached XP level 5. HP: 30/30 MP: 5/5
  2653 | D:3      | Noticed Sigmund
  3465 | D:3      | Gained mutation: You are partially covered in large bone plates. (SH +4) [potion of beneficial mutation]
  3493 | D:3      | Killed Sigmund
  3493 | D:3      | Reached skill level 5 in Dodging
  3493 | D:3      | Reached skill level 5 in Stealth
  3493 | D:3      | Reached XP level 6. HP: 35/35 MP: 6/6
  4415 | D:4      | HP: 1/35 [gnoll/flail (11)]
  4787 | D:4      | Reached XP level 7. HP: 40/40 MP: 7/7
  5043 | D:4      | Found a burning altar of Makhleb.
  5351 | D:4      | Noticed Robin
  5374 | D:4      | Killed Robin
  5630 | D:4      | HP: 1/40 [orc priest/nerve-wracking pain (3)]
  5632 | D:4      | Killed from afar by an orc priest

Vault maps used:
D:1:      dpeg_arrival_caged_fury
D:2:      grunt_qazlal_sundering
D:3:      first_bread, minmay_crystal_room, uniq_sigmund
D:4:      lightli_temple_of_fire, hangedman_feature_mirror, uniq_robin,
          uniq_blork_the_orc

Skill      XL: |  1  2  3  4  5  6  7 |
---------------+----------------------+-----
Stealth        | 1 2 3 5 6 |  6.3
Dodging        | 4 5 6 |  6.0
Short Blades   | 5 6 |  6.8
Fighting       | |  2.1
Throwing       | |  2.1

Action                   |  1- 3 |  4- 6 |  7- 9 || total
-------------------------+-------+-------+-------++-------
Melee: Rapier            |   101 |   207 |   153 ||   461
Throw: Throwing net      |       |     3 |     1 ||     4
  Use: Scroll            |       |    10 |     1 ||    11
       Potion            |       |     7 |     2 ||     9
 Stab: Sleeping          |     1 |     7 |       ||     8
       Held in net/web   |       |     3 |       ||     3
  Eat: Chunk             |     1 |    13 |     9 ||    23
Armor: Leather armour    |    22 |    54 |    20 ||    96
       Skin              |       |    24 |       ||    24
       Animal skin       |       |       |     9 ||     9
Dodge: Dodged            |    88 |   179 |   103 ||   370
Block: Other             |       |     7 |    21 ||    28
